 Dungeon Crawl Stone Soup version 0.28-a0-1555-g9ae15a6949 (webtiles) character file.

Game seed: 13433118850520514734

150 Pin the Covered (level 5, -3/41 HPs)
             Began as a Hill Orc Monk on Jan 18, 2022.
             Was a Believer of Ru.
             Slain by an ogre (18 damage)
             ... on level 4 of the Dungeon.
             The game lasted 00:10:35 (4019 turns).

Pin the Covered (Hill Orc Monk)                     Turns: 4019, Time: 00:10:35

Health: -3/41      AC: 13    Str: 16    XL:     5   Next: 32%
Magic:  5/5        EV:  8    Int: 10    God:    Ru [**....]
Gold:   102        SH:  0    Dex: 19    Spells: 4/4 levels left

rFire   . . .      SeeInvis .   a - +0 hand axe (freeze)
rCold   . . .      Faith    .   (no shield)
rNeg    . . .      Spirit   .   c - +0 chain mail
rPois   .          Reflect  .   (no helmet)
rElec   .          Harm     .   h - +0 cloak
rCorr   .          Rampage  .   o - +1 pair of gloves
Will    .....                   (no boots)
Stlth   ..........              (no amulet)
HPRegen 0.13/turn               j - +6 ring of dexterity
MPRegen 0.09/turn               (no ring)

@: no status effects
A: frail 1
a: Renounce Religion


You were on level 4 of the Dungeon.
You worshipped Ru.
Ru was pleased with you.
You visited 1 branch of the dungeon, and saw 4 of its levels.

You collected 102 gold pieces.

Inventory:

Hand Weapons
 a - a +0 hand axe of freezing (weapon)
Armour
 c - a +0 chain mail (worn)
 h - a +0 cloak (worn)
 o - a +1 pair of gloves (worn)
Jewellery
 i - a ring of fire
 j - a +6 ring of dexterity (left hand)
Scrolls
 b - a scroll of identify
 d - a scroll of amnesia {unknown}
 e - a scroll of summoning {unknown}
 f - a scroll of magic mapping {unknown}
 q - a scroll of teleportation
Potions
 g - 2 potions of attraction {unknown}
 k - a potion of haste {unknown}
 l - a potion of brilliance {unknown}
 m - 2 potions of curing
 n - a potion of might {unknown}
 p - 2 potions of magic {unknown}


   Skills:
 - Level 3.6 Fighting
 - Level 4.0 Axes
 + Level 5.2 Armour
 - Level 2.4 Dodging
 - Level 1.5 Stealth


You had 4 spell levels left.
You didn't know any spells.
Your spell library contained the following spells:

 Spells                   Type           Power      Damage    Failure   Level
 Confusing Touch          Hex            0%         N/A       100%        3
 Yara's Violent Unravell  Hex/Tmut       0%         3d3       100%        5
 Enfeeble                 Hex            0%         N/A       100%        7


Dungeon Overview and Level Annotations

Branches:
Dungeon (4/15)             Temple (0/1) D:4

Altars:
Ru


Innate Abilities, Weirdness & Mutations

You are frail. (-10% HP)


Message History

The hound bites you but does no damage. The hound bites you.
You completely miss the hound.
The hound is lightly wounded.
An ogre comes into view. It is wielding a +0 giant club.
The hound bites you but does no damage.
The ogre shouts!
You hit the hound. You freeze the hound.
The hound is heavily wounded.
The hound bites you but does no damage. The hound closely misses you.
You barely miss the hound.
The hound is heavily wounded.
The hound bites you. The hound bites you but does no damage.
You hit the hound but do no damage. You punch the hound, but do no damage.
The hound is heavily wounded.
The hound closely misses you.
You hit the hound. You freeze the hound.
The hound is almost dead.
The hound closely misses you.
The hound is stunned by your conviction and fails to attack.
You hit the hound. You freeze the hound.
You kill the hound!
Your Armour skill increases to level 5!
You hit the ogre. You freeze the ogre.
The ogre is lightly wounded.
The ogre closely misses you.
You barely miss the ogre.
The ogre is lightly wounded.
The ogre hits you with a +0 giant club!
You slash the ogre! You freeze the ogre.
The ogre is heavily wounded.
You hit the ogre. You freeze the ogre.
The ogre is heavily wounded.
The ogre hits you with a +0 giant club!
You barely miss the ogre.
The ogre is heavily wounded.
The ogre hits you but does no damage.
You barely miss the ogre.
The ogre is heavily wounded.
The ogre hits you with a +0 giant club!!
You die...

#.... ...#. . .... .(.. # ..
.#.##.#.#... ...#...#.......
=....#..#)... ## .........#
#. #.#####.......# #.
.......O@.## .# #.
.....$.....# .# #. #
#####.#.##.# .##########.
#.## #<#.##.##.#.......##. .
... #.#†......#..###..##.
##.##.##..#.###.##..#.....<.
#........PPP# #.......#..###
......!.PP..###.##..###..#
......#..>.P...###)......#


You could see an ogre.

Vanquished Creatures
  A hound (D:4)
  3 gnolls (D:2)
  4 adders (D:2)
  A worm (D:2)
  2 dart slugs
  6 endoplasms
  3 giant cockroaches
  A goblin (D:1)
  4 hobgoblins
  A jackal (D:2)
  7 kobolds
  A quokka (D:3)
  5 ball pythons
  5 bats
  3 frilled lizards
  5 rats
52 creatures vanquished.

Vanquished Creatures (others)
  A plant (D:4)
  3 withered plants (D:4)
4 creatures vanquished.

Grand Total: 56 creatures vanquished

Notes
Turn   | Place    | Note
-------+----------+-------------------------------------------
     0 | D:1      | Pin the Hill Orc Monk began the quest for the Orb.
     0 | D:1      | Reached XP level 1. HP: 19/19 MP: 1/1
     0 | D:1      | Upgraded the game from 0.28-a0-1524-ge72afd5fc6 to
                  | 0.28-a0-1555-g9ae15a6949
   116 | D:1      | Reached skill level 1 in Armour
   272 | D:1      | Reached XP level 2. HP: 27/27 MP: 2/2
   499 | D:1      | Reached skill level 2 in Armour
  1054 | D:2      | Reached skill level 3 in Armour
  1054 | D:2      | Reached XP level 3. HP: 32/33 MP: 3/3
  1735 | D:2      | Reached XP level 4. HP: 33/40 MP: 4/4
  2062 | D:2      | Found a faded altar of an unknown god.
  2153 | D:2      | Reached skill level 4 in Armour
  3650 | D:3      | Reached XP level 5. HP: 43/46 MP: 5/5
  3892 | D:3      | Found a sacrificial altar of Ru.
  3900 | D:3      | Became a worshipper of Ru the Awakened
  3957 | D:3      | Gained mutation: You are frail. (-10% HP) [Ru sacrifice]
  3957 | D:3      | Reached * piety under Ru
  3957 | D:3      | Reached ** piety under Ru
  3979 | D:4      | Found a staircase to the Ecumenical Temple.
  4008 | D:4      | Noticed an ogre
  4014 | D:4      | Reached skill level 5 in Armour
  4019 | D:4      | Slain by an ogre

Illustrated notes

Levels and vault maps discovered:
D:1:      sevenhm_arrival_forest_fort_large_3, layout_basic,
          wad_floor_pattern_untrapped, minmay_misc_feat_secret_circle
D:2:      layout_basic, shapermc_ecumenical_altar_totnotflames,
          minmay_pentomino_s2
D:3:      layout_basic, nicolae_ru_path_of_blood
D:4:      layout_loops_cross, kiku_gazebo_garden_becter,
          minmay_temple_entry_overgrown, hangedman_decor_lopped

Skill      XL: |  1  2  3  4  5 |
---------------+----------------+-----
Armour         | 1 3 4 5 |  5.2
Fighting       | |  3.6
Axes           | |  4.0
Dodging        | |  2.4
Stealth        | |  1.5

Action                   |  1- 3 |  4- 6 || total
-------------------------+-------+-------++-------
Melee: Hand axe          |   103 |    95 ||   198
       Punch             |     2 |     1 ||     3
Invok: Sacrifice Health  |       |     1 ||     1
  Use: Scroll            |       |     8 ||     8
Armor: Chain mail        |    62 |    74 ||   136
Dodge: Dodged            |    36 |    37 ||    73

Table legend: (Time is in decaauts)
 A = Elapsed time spent in this place.
 B = Non-inter-level travel time spent in this place.
 C = Inter-level travel time spent in this place.
 D = Time resting spent in this place.
 E = Time spent auto-exploring this place.
 F = Levels seen in this place.
 G = Mean time per level.
                   A        B        C        D        E       F      G
               +--------+--------+--------+--------+--------+-----+--------+
         Total |   4037 |   4002 |     35 |    528 |   2873 |   4 | 1009.2 |
       Dungeon |   4037 |   4002 |     35 |    528 |   2873 |   4 | 1009.2 |
               +--------+--------+--------+--------+--------+-----+--------+

Top non-repeatable levels by time:
     D:2: 2040 daAuts
     D:1: 1020 daAuts
     D:3: 916 daAuts
     D:4: 60 daAuts
